Map: Terrasses de Prion

Players

Worming

  • Race: Zerg Zerg
  • League: Diamond

jimmymicro - Winner!

  • Race: Zerg Zerg
  • League: Diamond

VOD

Have the link to the VOD?

Description

Time

  • Played on: Dec. 16, 2015, 11:24 a.m.
  • Length: 12:55
Show
View Real Time Build Order
Export as new Build Order

Worming Zerg 

Build Orders: Hatch First, Zergling Baneling 

Get SALT Encoding   

  12  0:01  Drone  
  13  0:12  Overlord  
  13  0:17  Drone  
  14  0:30  Drone x2  
  14  0:35  Drone  
  17  0:52  Hatchery  
  17  0:55  Drone  
  17  0:58  Extractor  
  17  0:59  Drone  
  17  1:17  Drone, Spawning Pool  
  17  1:22  Drone  
  18  1:28  Drone  
  19  1:38  Drone  
  20  1:49  Overlord  
  20  2:04  Queen  
  20  2:05  Zergling x4  
  20  2:06  Queen  
  20  2:07  Metabolic Boost  
  26  2:10  Drone  
  26  2:15  Drone  
  28  2:25  Baneling Nest  
  28  2:26  Drone  
  28  2:29  Drone  
  29  2:32  Overlord  
  29  2:38  Drone  
  30  2:45  Drone  
  30  2:49  Drone  
  32  2:57  Drone  
  32  3:08  Zergling x4  
  34  3:15  Zergling x4  
  34  3:17  Drone x5  
  41  3:30  Baneling  
  41  3:32  Zergling x4  
  41  3:33  Drone  
  44  3:40  Extractor  
  43  3:45  Roach Warren  
  43  3:47  Drone x2  
  44  3:54  Hatchery  
  44  3:56  Spine Crawler  
  44  3:58  Baneling  
  44  3:59  Baneling  
  44  4:00  Baneling x3  
  44  4:02  Overlord  
  43  4:05  Baneling  
  43  4:06  Baneling  
  43  4:08  Baneling  
  43  4:11  Queen  
  40  4:27  Zergling x22  
  44  4:35  Queen  
  45  4:49  Hatchery  
  45  4:51  Evolution Chamber  
  45  4:52  Drone x3  
  46  5:02  Drone x3  
  49  5:11  Zergling x6  
  52  5:17  Zerg Ground Armor Level 1  
  52  5:28  Baneling x5  
  51  5:32  Overlord  
  51  5:34  Overlord  
  51  5:37  Baneling x2  
  42  6:01  Zergling x4, Roach  
  42  6:02  Roach  
  44  6:13  Lair  
  44  6:14  Roach  
  44  6:15  Zergling x8, Roach  
  52  6:25  Zergling x12  
  56  6:38  Zergling x4  
  58  6:42  Hatchery  
  58  6:43  Baneling x7  
  58  6:45  Overlord  
  57  6:50  Zergling x6  
  60  6:55  Baneling  
  60  6:56  Baneling  
  60  7:17  Extractor x2  
  41  7:41  Drone x3  
  41  7:42  Drone x3, Spire  
  41  7:43  Zergling x16  
  52  7:51  Zergling x2  
  52  7:52  Zergling x6  
  56  8:00  Zerg Melee Weapons Level 1  
  56  8:13  Drone x5  
  56  8:14  Zergling x4  
  56  8:16  Zergling x2  
  64  8:31  Overlord  
  64  8:32  Zergling x10  
  68  8:53  Mutalisk x2  
  68  8:54  Mutalisk  
  74  8:58  Mutalisk x3  
  80  9:14  Mutalisk  
  80  9:15  Mutalisk  
  85  9:17  Zergling x12  
  90  9:28  Hatchery  
  62  9:45  Zergling x6  
  62  9:46  Zergling x6  
  64  9:59  Queen  
  65  10:01  Drone x6  
  65  10:02  Drone  
  72  10:07  Mutalisk x3  
  78  10:22  Overlord x2, Mutalisk x2  
  82  10:36  Zergling x12  
  86  10:55  Zergling x10  
  85  11:10  Zergling x2  
  85  11:11  Zergling x14  
  91  11:17  Infestation Pit  
  91  11:18  Evolution Chamber  
  90  11:19  Drone x5  
  90  11:20  Drone  
  90  11:21  Drone, Extractor  
  90  11:23  Drone  
  90  11:24  Extractor  
  90  11:25  Drone x3  
  85  11:52  Zergling x12  
  84  12:00  Drone x3  
  84  12:02  Drone  
  84  12:03  Drone x2  
  84  12:05  Zergling x2  
  84  12:06  Zergling x10  
  90  12:08  Baneling x6  
  90  12:23  Zergling x2  
  90  12:24  Zergling x2  
  92  12:34  Zergling x24  
  92  12:36  Baneling x2  
  92  12:37  Baneling, Overlord x3  
Show
View Real Time Build Order
Export as new Build Order

jimmymicro Zerg - Winner!

Build Orders: Pool First, Zergling Baneling 

Get SALT Encoding   

  12  0:03  Drone  
  13  0:10  Drone  
  14  0:17  Overlord  
  14  0:25  Extractor  
  14  0:26  Drone  
  15  0:36  Drone x2  
  17  0:47  Extractor  
  17  0:49  Drone  
  17  1:00  Drone  
  17  1:02  Spawning Pool  
  17  1:20  Hatchery  
  17  1:24  Drone x2  
  18  1:37  Overlord  
  18  1:41  Drone  
  19  1:51  Drone  
  19  1:52  Queen  
  22  2:06  Metabolic Boost  
  22  2:09  Drone  
  22  2:12  Drone  
  24  2:25  Baneling Nest  
  24  2:26  Drone  
  24  2:28  Queen  
  26  2:38  Zergling x4  
  26  2:42  Drone  
  29  2:44  Drone  
  30  3:00  Drone x2  
  30  3:02  Drone  
  30  3:03  Overlord  
  30  3:04  Zergling x2  
  34  3:18  Overlord  
  34  3:19  Zergling x4  
  36  3:27  Zergling x4  
  38  3:30  Zergling x2  
  38  3:33  Zergling x2  
  38  3:34  Zergling x4  
  42  3:37  Zergling x6  
  42  3:38  Zergling x2  
  46  3:41  Baneling  
  46  3:42  Baneling  
  46  3:43  Zergling x2  
  46  3:44  Baneling  
  46  3:47  Baneling  
  47  3:48  Baneling  
  47  3:50  Baneling  
  47  3:52  Baneling  
  47  3:54  Baneling  
  47  3:55  Baneling  
  34  4:35  Zergling x10  
  34  4:36  Zergling x10  
  42  4:45  Zergling x6  
  44  4:46  Zergling x6  
  44  4:51  Roach Warren  
  44  4:52  Extractor  
  46  4:53  Drone  
  46  4:56  Baneling x3  
  46  4:57  Baneling, Hatchery  
  46  4:58  Zergling x2  
  47  5:15  Drone x4  
  46  5:39  Baneling x2  
  46  5:40  Baneling x2  
  46  5:41  Baneling  
  46  5:44  Drone x4  
  46  5:45  Drone  
  46  5:46  Extractor  
  46  5:47  Lair, Hatchery  
  46  5:48  Drone  
  50  5:51  Drone  
  50  5:58  Extractor  
  43  6:16  Overlord x3  
  40  6:30  Overlord, Roach x2  
  43  6:39  Roach x5  
  53  6:46  Roach x4  
  61  6:49  Roach  
  61  6:50  Baneling  
  61  6:51  Baneling  
  61  6:52  Baneling  
  61  6:53  Baneling  
  63  6:58  Glial Reconstitution  
  49  7:30  Roach x4  
  49  7:31  Roach x3  
  59  7:41  Roach x2  
  59  7:42  Roach x3  
  69  7:52  Overseer  
  69  7:56  Roach x2  
  73  8:10  Roach x4  
  75  8:15  Ravager  
  75  8:16  Ravager  
  75  8:19  Roach x2  
  79  8:20  Zergling x2  
  79  8:21  Zergling x4  
  82  8:29  Overlord x2  
  82  8:53  Overlord x2  
  82  8:54  Queen  
  84  9:00  Spine Crawler  
  84  9:02  Ravager x3  
  86  9:03  Baneling x5  
  86  9:05  Baneling  
  86  9:15  Drone x6  
  92  9:19  Drone x2  
  92  9:20  Drone  
  92  9:21  Drone x6  
  101  9:30  Extractor  
  99  9:31  Extractor  
  89  9:41  Spore Crawler  
  89  9:44  Spore Crawler, Hydralisk Den  
  68  9:57  Spore Crawler  
  63  10:00  Queen, Spore Crawler  
  58  10:17  Hydralisk x2  
  58  10:18  Hydralisk x6  
  74  10:22  Hydralisk  
  74  10:25  Hydralisk  
  76  10:36  Hydralisk x3  
  76  10:37  Hydralisk  
  80  11:11  Roach x8  
  90  11:12  Roach  
  98  11:21  Muscular Augments  
  98  11:23  Evolution Chamber  
  98  11:24  Evolution Chamber  
  96  11:40  Hatchery  
  78  11:54  Hydralisk  
  78  11:55  Hydralisk x5  
  78  11:56  Hydralisk  
  90  12:30  Overlord x4  
Tags
 
Add a new tag
Caveats
  • Supply blocks, unpowered buildings, or Contaminate may cause inaccurate times.
  • Supply counts are checked every 10 seconds.